 Dungeon Crawl Stone Soup version 0.27.1-33-g824d729ab1 (webtiles) character file.

Game seed: 10654402143692210848

31 comborobin the Skirmisher (level 3, 0/30 HPs)
             Began as a Djinni Wanderer on Dec 28, 2021.
             Slain by Natasha (7 damage)
             ... on level 2 of the Dungeon.
             The game lasted 00:01:16 (739 turns).

comborobin the Skirmisher (Djinni Wanderer)          Turns: 739, Time: 00:01:17

Health: 0/30       AC:  8    Str: 11    XL:     3   Next: 40%
Gold:   15         EV:  8    Int: 12    God:
                   SH:  0    Dex: 14

rFire    + + .     SeeInvis .   a - +0 quarterstaff
rCold    x . .     Faith    .   (shield currently unavailable)
rNeg     . . .     Spirit   .   c - +2 scale mail
rPois    ∞         Reflect  .   (no helmet)
rElec    .         Harm     .   (no cloak)
rCorr    .         Rampage  .   (no gloves)
Will     .....                  (boots unavailable)
Stlth    +.........             (no amulet)
HPRegen  0.10/turn              (no ring)
MPRegen  0.00/turn              (no ring)

@: flying, slowed, very slow
A: sickness immunity, fire resistance 2, cold vulnerability 1, float, innate
caster, hp casting, extra vitality 1
a: no special abilities


You were on level 2 of the Dungeon.
You visited 1 branch of the dungeon, and saw 2 of its levels.

You collected 15 gold pieces.

Inventory:

Hand Weapons
 a - a +0 quarterstaff (weapon)
 d - a +0 dagger
Armour
 c - a +2 scale mail (worn)
Scrolls
 e - a scroll of enchant weapon {unknown}
 f - a scroll of noise {unknown}


   Skills:
 + Level 3.5 Fighting
 - Level 1.0(1.5) Maces & Flails
 * Level 2.1(2.2) Staves
 + Level 1.3 Armour
 - Level 1.1 Dodging
 - Level 2.4 Stealth


You had one spell level left.
You knew the following spells:

 Your Spells              Type           Power      Damage    Failure   Level
a - Freeze                Ice            0%         1d3       89%         1
Your spell library was empty.

Dungeon Overview and Level Annotations

Branches:
Dungeon (2/15)

Altars:

Annotations:
D:2 Natasha


Innate Abilities, Weirdness & Mutations

You are immune to sickness and miasma.
You are immune to poison.
Your flesh is very heat resistant. (rF++)
You are vulnerable to cold. (rC-)
You float through the air rather than walking.
You learn spells naturally, not from books.
Your magical power is your life essence.
You have superior vitality. (+4 HP)


Message History

A hobgoblin is nearby!
You are too injured to fight recklessly!
You are too injured to fight recklessly!
The hobgoblin hits you.
You are too injured to fight recklessly!
You completely miss the hobgoblin. The hobgoblin closely misses you.
Natasha, Servant of Life and Death comes into view.
The hobgoblin hits you but does no damage.
You are too injured to fight recklessly!
You closely miss the hobgoblin.
Natasha hisses angrily.
The hobgoblin hits you but does no damage.
You are too injured to fight recklessly!
You sock the hobgoblin!
You kill the hobgoblin!
A ball python comes into view.
Okay, then.
You see here a hobgoblin corpse.
Natasha casts a spell at you.
You feel yourself slow down.
Natasha mumbles some strange words.
Natasha glows brightly for a moment.
Natasha barely misses you.
There is a stone staircase leading up here.
You feel better. Natasha closely misses you.
You hit Natasha.
Natasha is moderately wounded.
Natasha claws you. x2
You sock Natasha!
Natasha is almost dead.
Natasha claws you. x2
* * * LOW HITPOINT WARNING * * *
You closely miss Natasha.
Natasha is almost dead.
Natasha casts a spell at you.
You feel as though you will be slow longer.
Natasha howls an incantation.
Natasha glows brightly for a moment.
Natasha claws you!
You die...

### ... .. ##.##### .#
.
###......#########.##..
..[.#..................
................#......
####..@h###†..........
#....##............
#......##...)†......#
####..###...........#
.... ##...........
..##. #........### ..#
# ......##.## ..
#...........
..h........##


You could see Natasha.

Vanquished Creatures
  A worm (D:2)
  A dart slug (D:1)
  4 ball pythons (D:1)
  2 endoplasms
  A giant cockroach (D:1)
  2 goblins
  5 hobgoblins
  A quokka (D:1)
  A bat (D:1)
  A frilled lizard (D:1)
  4 kobolds (D:1)
  2 rats (D:1)
25 creatures vanquished.

Notes
Turn   | Place    | Note
-------+----------+-------------------------------------------
     0 | D:1      | comborobin the Djinni Wanderer began the quest for the Orb.
     0 | D:1      | Reached XP level 1. HP: 20/20 MP: 0/0
   237 | D:1      | Reached XP level 2. HP: 25/25 MP: 0/0
   494 | D:1      | Reached XP level 3. HP: 26/30 MP: 0/0
   494 | D:1      | Learned a level 1 spell: Freeze
   569 | D:1      | Found a faded altar of an unknown god.
   724 | D:2      | Noticed Natasha
   739 | D:2      | Slain by Natasha

Illustrated notes

Levels and vault maps discovered:
D:1:      lightli_molten_gateway, layout_rooms,
          shapermc_ecumenical_altar_flowoftime
D:2:      minmay_diamond_boxcup, layout_rooms, uniq_natasha

Skill      XL: |  1  2  3 |
---------------+----------+-----
Staves         | 2 |  2.1
Fighting       | |  3.5
Maces & Flails | |  1.0
Armour         | |  1.3
Dodging        | |  1.1
Stealth        | |  2.4

Action                   || total
-------------------------++-------
Melee: Quarterstaff      ||    87
  Use: Potion            ||     1
Armor: Scale mail        ||    50
Dodge: Dodged            ||    30
